 Dungeon Crawl Stone Soup version 0.29.0-4-gdea44cf6ec (webtiles) character file.

Game seed: 2719808155439298782

114 qw the Chopper (level 4, 0/26 HPs)
             Began as a Tengu Warper on Aug 28, 2022.
             Succumbed to an orc wizard's poison
             ... on level 3 of the Dungeon.
             The game lasted 00:00:12 (2604 turns).

qw the Chopper (Tengu Warper)                       Turns: 2604, Time: 00:00:13

Health: 0/26       AC:  6    Str: 13    XL:     4   Next: 97%
Magic:  8/8        EV:  9    Int: 13    God:
Gold:   33         SH:  6    Dex: 14    Spells: 7/7 levels left

rFire   . . .      SeeInvis .   Y - +1 hand axe
rCold   . . .      Faith    .   a - +2 buckler
rNeg    . . .      Spirit   .   l - +0 scale mail
rPois   .          Reflect  .   (helmet restricted)
rElec   .          Harm     .   (no cloak)
rCorr   .          Rampage  .   (no gloves)
Will    .....                   (boots unavailable)
Stlth   ..........              (no amulet)
HPRegen 0.08/turn               (no ring)
MPRegen 0.11/turn               (no ring)

@: lethally poisoned (0 -> -11)
A: beak, talons 3
a: no special abilities


You were on level 3 of the Dungeon.
You visited 1 branch of the dungeon, and saw 3 of its levels.

You collected 33 gold pieces.


Innate Abilities, Weirdness & Mutations

You have a beak for a mouth.
You have claws for feet.


   Skills:
 - Level 2.0 Fighting
 + Level 5.0 Axes
 - Level 1.0 Throwing
 - Level 1.1 Armour
 - Level 2.1 Dodging
 - Level 1.6 Shields
 - Level 2.0 Spellcasting
 - Level 2.4 Translocations


You had 7 spell levels left.
You didn't know any spells.
Your spell library contained the following spells:

 Spells                   Type           Power      Damage    Failure   Level
 Blink                    Tloc           14%        N/A       67%         2
 Gell's Gravitas          Tloc           7%         N/A       88%         3
 Lesser Beckoning         Tloc           7%         N/A       88%         3
 Teleport Other           Tloc           7%         N/A       88%         3
 Manifold Assault         Tloc           7%         N/A       100%        5

Inventory:

Hand Weapons
 f - a +0 morningstar
 Y - a +1 hand axe (weapon)
Armour
 a - a +2 buckler (worn)
 l - a +0 scale mail (worn)
Scrolls
 d - 2 scrolls of identify
Potions
 i - a potion of haste

Dungeon Overview and Level Annotations

Branches:
Dungeon (3/15)

Altars:


Message History

The orc priest is heavily wounded.
You hit the kobold. You hit the orc.
The orc priest hits you with a +0 short sword.
The kobold hits you with a +0 short sword.
You closely miss the kobold. You claw the kobold.
You kill the kobold!
You hit the orc priest. You hit the orc.
The orc priest hits you with a +0 short sword.
The orc hits you but does no damage.
You hit the orc priest.
You kill the orc priest!
You closely miss the orc wizard. You hit the orc.
You kill the orc!
The dart slug launches a dart at you. You block the slug dart.
The orc wizard barely misses you.
Your Shields skill increases to level 1!
You barely miss the orc wizard.
You claw the orc wizard, but do no damage.
You barely miss something. Something hits you but does no damage.
The orc wizard casts a spell at you. The magic dart hits you.
You closely miss the orc wizard. Your kick misses the orc wizard.
You miss something. You slash the dart slug! You block the orc wizard's attack.
Something hits you but does no damage. The dart slug closely misses you.
You hit the dart slug but do no damage.
The dart slug is severely wounded.
You closely miss something.
You hit the orc wizard but do no damage.
You block something's attack.
The orc wizard hits you but does no damage.
You are lethally poisoned!
The dart slug bites you but does no damage.
The orc wizard hits you but does no damage.
Something hits you but does no damage.
You hit the dart slug.
You kill the dart slug!
You hit something but do no damage. You hit the orc wizard.
You die...

#.. ... .#
##.. .# ...
.# ####..
.# ..... .#
#.{##.#
####)o@..#
......))<.#
.......#..#
..........#
.#.##..#..#
.. ...#..#
< #...#..#
#...#... ..
#..#


You could see an orc wizard.

Vanquished Creatures
  An orc priest (D:3)
  2 adders (D:2)
  A worm (D:2)
  A dart slug (D:3)
  2 orcs
  5 ball pythons
  6 bats
  10 endoplasms
  3 giant cockroaches
  2 goblins
  3 hobgoblins
  5 jackals
  8 kobolds
  2 quokkas (D:2)
  A frilled lizard (D:1)
  3 rats
55 creatures vanquished.

Notes
Turn   | Place    | Note
-------+----------+-------------------------------------------
     0 | D:1      | qw the Tengu Warper began the quest for the Orb.
     0 | D:1      | Reached XP level 1. HP: 12/12 MP: 4/4
     0 | D:1      | 0 ||| qw: Version: 0.1-a-89-g26bdef1
     0 | D:1      | 0 ||| qw: Game counter: 176
     0 | D:1      | 0 ||| qw: Always use a shield: true
     0 | D:1      | 0 ||| qw: God list: Okawaru
     0 | D:1      | 0 ||| qw: Allow faded altars: false
     0 | D:1      | 0 ||| qw: Do Orc after D:15 true
     0 | D:1      | 0 ||| qw: Do second Lair branch before Depths: true
     0 | D:1      | 0 ||| qw: Lair rune preference: random
     0 | D:1      | 0 ||| qw: Plans: Normal
     0 | D:1      | 0 ||| PLANNING D:1-11
    81 | D:1      | Reached XP level 2. HP: 16/17 MP: 6/6
   152 | D:1      | Reached skill level 3 in Axes
   171 | D:1      | 171 ||| Stepping ~*~*~tactically~*~*~ (stealth).
   173 | D:1      | 173 ||| Stepping ~*~*~tactically~*~*~ (stealth).
   175 | D:1      | 175 ||| Stepping ~*~*~tactically~*~*~ (stealth).
   219 | D:1      | 219 ||| Stepping ~*~*~tactically~*~*~ (stealth).
   313 | D:1      | 313 ||| Stepping ~*~*~tactically~*~*~ (stealth).
   316 | D:1      | 316 ||| Stepping ~*~*~tactically~*~*~ (stealth).
   379 | D:1      | 379 ||| Stepping ~*~*~tactically~*~*~ (stealth).
   380 | D:1      | 380 ||| Stepping ~*~*~tactically~*~*~ (stealth).
   382 | D:1      | 382 ||| Stepping ~*~*~tactically~*~*~ (stealth).
   501 | D:1      | Reached XP level 3. HP: 17/21 MP: 7/7
   892 | D:1      | Reached skill level 4 in Axes
   925 | D:1      | 925 ||| DROPPING amulet of faith.
   926 | D:1      | 926 ||| READING scroll labelled ZEGGACH ROECW.
   927 | D:1      | 927 ||| DROPPING scroll of blinking.
  1184 | D:2      | 1184 ||| Stepping ~*~*~tactically~*~*~ (stealth).
  1189 | D:2      | 1189 ||| Stepping ~*~*~tactically~*~*~ (stealth).
  1431 | D:2      | 1431 ||| DROPPING +0 club.
  1500 | D:2      | Reached XP level 4. HP: 26/26 MP: 8/8
  1931 | D:2      | Found a faded altar of an unknown god.
  2095 | D:2      | Reached skill level 5 in Axes
  2208 | D:2      | 2208 ||| UPGRADING to +2 buckler.
  2213 | D:2      | 2213 ||| UPGRADING to +0 scale mail.
  2223 | D:2      | 2223 ||| DROPPING +0 leather armour.
  2224 | D:2      | 2224 ||| READING scroll labelled KIGIEP JUCHUK.
  2225 | D:2      | 2225 ||| READING 2 scrolls labelled MOSEIRGHIXKU.
  2226 | D:2      | 2226 ||| READING scroll labelled QUWKOLEROR.
  2227 | D:2      | 2227 ||| DRINKING 2 coppery potions.
  2228 | D:2      | 2228 ||| READING 5 scrolls of identify.
  2228 | D:2      | 2228 ||| IDENTIFYING ruby potion
  2229 | D:2      | 2229 ||| READING 4 scrolls of identify.
  2229 | D:2      | 2229 ||| IDENTIFYING lumpy purple potion
  2230 | D:2      | 2230 ||| READING 3 scrolls of identify.
  2230 | D:2      | 2230 ||| IDENTIFYING glowing orange potion
  2231 | D:2      | 2231 ||| DROPPING potion of flight.
  2232 | D:2      | 2232 ||| DROPPING potion of attraction.
  2233 | D:2      | 2233 ||| DROPPING scroll of poison.
  2234 | D:2      | 2234 ||| Stepping randomly (stuck).
  2235 | D:2      | 2235 ||| Stepping ~*~*~tactically~*~*~ (cloud).
  2239 | D:2      | HP: 6/26 [poisoned by you (poison gas)]
  2243 | D:2      | HP: 2/26 [poisoned by you (poison gas)]
  2592 | D:3      | 2592 ||| PLANNING SEWER
  2596 | D:3      | 2596 ||| DRINKING potion of curing.
  2596 | D:3      | 2596 ||| (to cure confusion)
  2601 | D:3      | Reached skill level 1 in Shields
  2601 | D:3      | HP: 3/26 [orc wizard/magic dart (5)]
  2604 | D:3      | Succumbed to an orc wizard's poison

Levels and vault maps discovered:
D:1:      shiori_shiawase, layout_loops_ring, dreamdust_princess_corridor
D:2:      layout_basic, hellmonk_ecumenical_altar_run_dry,
          minmay_misc_feat_ornament, nicolae_hexahallways
D:3:      layout_basic, old_standard_altar, portal_sewer_entry_f,
          dreamdust_princess_bridge

Skill      XL: |  1  2  3  4 |
---------------+-------------+-----
Axes           | 3 4 5 |  5.0
Shields        | 1 |  1.6
Fighting       | |  2.0
Throwing       | |  1.0
Armour         | |  1.1
Dodging        | |  2.1
Spellcasting   | |  2.0
Translocations | |  2.4

Action                   |  1- 3 |  4- 6 || total
-------------------------+-------+-------++-------
Melee: Hand axe          |    76 |    38 ||   114
       Kick              |    21 |    11 ||    32
       Peck              |    11 |     7 ||    18
       Punch             |     1 |       ||     1
Throw: Boomerang         |     7 |       ||     7
  Use: Scroll            |     1 |     6 ||     7
       Potion            |       |     2 ||     2
Armor: Leather armour    |    16 |     4 ||    20
       Scale mail        |       |     8 ||     8
Dodge: Dodged            |    41 |    14 ||    55
Block: Buckler           |       |     4 ||     4

Table legend:
 A = Non-vault XP
 B = Vault XP
 C = Vault XP percentage of total XP
 D = Non-vault monster count
 E = Vault monster count
 F = Vault count percentage of total count
                 A         B        C        D         E       F
            +---------+---------+-------+---------+---------+-------
      Total |     167 |       0 |   0.0 |      55 |       0 |   0.0
            +---------+---------+-------+---------+---------+-------
        D:1 |      46 |       0 |   0.0 |      27 |       0 |   0.0
        D:2 |      70 |       0 |   0.0 |      23 |       0 |   0.0
        D:3 |      51 |       0 |   0.0 |       5 |       0 |   0.0
            +---------+---------+-------+---------+---------+-------
